 Dungeon Crawl Stone Soup version 0.17.0-28-g6e173f8 (webtiles) character file.

379 septik the Magician (level 6, 0/32 HPs)
             Began as a Deep Elf Fire Elementalist on Nov 22, 2015.
             Slain by a quasit (2 damage)
             ... on level 4 of the Dungeon.
             The game lasted 00:14:26 (3643 turns).

septik the Magician (Deep Elf Fire Elementalist)    Turns: 3643, Time: 00:14:26

Health: 0/32       AC:  3    Str:  5      XL:     6   Next: 45%
Magic:  0/25       EV: 11    Int: 22      God:
Gold:   269        SH:  0    Dex:  4 (15) Spells: 2 memorised, 12 levels left

rFire  . . .     SeeInvis .     x - +2 trident (venom)
rCold  . . .     Clarity  .     a - +0 robe
rNeg   . . .     SustAt   .     (no shield)
rPois  .         Gourm    .     (no helmet)
rElec  .         Spirit   +     (no cloak)
rCorr  .         Warding  .     D - +0 pair of gloves
rMut   .         Stasis   .     (no boots)
MR     .....                    g - amulet of guardian spirit
Stlth  +.........               v - ring of magical power
                                q - +3 ring of slaying

@: not resistant to hostile enchantments, very unstealthy
A: no striking features
a: no special abilities


You were on level 4 of the Dungeon.
You were not hungry.

You visited 1 branch of the dungeon, and saw 5 of its levels.

You collected 269 gold pieces.

Inventory:

Hand Weapons
 u - a +2 dagger of speed
 x - a +2 trident of venom (weapon)
 y - a +0 dagger of venom
Missiles
 j - 201 stones (quivered)
Armour
 a - a +0 robe (worn)
 D - a +0 pair of gloves (worn)
Jewellery
 g - an amulet of guardian spirit (around neck)
 q - a +3 ring of slaying (left hand)
 v - a ring of magical power (right hand)
Scrolls
 d - 2 scrolls of identify {unknown}
 h - 2 scrolls of magic mapping
 i - a scroll of recharging
 p - 2 scrolls of blinking {unknown}
 z - a scroll of amnesia
Potions
 e - a potion of mutation {unknown}
 k - a potion of flight {unknown}
 l - 5 potions of curing {unknown}
 m - a potion of brilliance {unknown}
 o - a potion of haste {unknown}
 s - a potion of poison {unknown}
 w - a potion of magic {unknown}
 B - a potion of cure mutation {unknown}
Books
 b - a book of Flames

   Spells                             Type                      Level
   a - Flame Tongue                   Conjuration/Fire             1
   b - Throw Flame                    Conjuration/Fire             2
   c - Conjure Flame                  Conjuration/Fire             3
   d - Inner Flame                    Hexes/Fire                   3
   e - Sticky Flame                   Conjuration/Fire             4
   f - Fireball                       Conjuration/Fire             5
 A - a book of Ice

   Spells                             Type                      Level
   a - Ice Form                       Ice/Transmutation            4
   b - Metabolic Englaciation         Hexes/Ice                    5
   c - Ozocubu's Refrigeration        Ice                          6
   d - Bolt of Cold                   Conjuration/Ice              6
   e - Freezing Cloud                 Conjuration/Ice/Air          6
   f - Simulacrum                     Ice/Necromancy               6
Comestibles
 c - 4 bread rations
 f - 3 meat rations
 n - 3 fruits
 r - 2 beef jerkies
 t - a slice of pizza


   Skills:
 - Level 2.4 Dodging
 - Level 2.4 Stealth
 + Level 5.6 Spellcasting
 + Level 4.8 Conjurations
 + Level 5.0 Fire Magic


You had 12 spell levels left.
You knew the following spells:

 Your Spells              Type           Power        Failure   Level  Hunger
a - Flame Tongue          Conj/Fire      ####.        1%          1    None
b - Conjure Flame         Conj/Fire      ####....     4%          3    ##.....


Dungeon Overview and Level Annotations

Branches:
Dungeon (5/15)
 Temple: D:4-7

Altars:
Elyvilon
Trog
The Shining One

Shops:
D:4 :


Message History

You barely miss the quasit.
The quasit is heavily wounded.
The quasit bites you but does no damage.
The quasit closely misses you.
The quasit claws you but does no damage.
Unknown command.
You miss the quasit.
The quasit is heavily wounded.
The quasit bites you.
You feel clumsy. The quasit closely misses you. The quasit claws you.
* * * LOW HITPOINT WARNING * * *
The quasit bites you.
The quasit claws you but does no damage. x2
You barely miss the quasit.
The quasit is heavily wounded.
The quasit bites you but does no damage.
The quasit claws you but does no damage. x2
The quasit bites you.
You die...

...........#.#......#
#...........∩..#....#
#....#.....#.###....#
#####.......)# #....#
.(..........## ##.###
##.##[######## #.# #...........#
#.##
#.###.......####..############
#.......^......@5....<.......#
######....(..#####..###.#.....###
.......####################.....>
..####.#...................##....
..# #)#[.#...#...#...#...#....[.
..# #.#_........................
^.# ###..#...#...#...#...#......
### #..................(......
####################......


You could see a quasit.

Vanquished Creatures
  An ogre (D:4)
  A scorpion (D:4)
  A hound (D:4)
  An orc wizard (D:5)
  4 worker ants (D:4)
  An adder (D:2)
  3 oozes
  An adder skeleton (D:4)
  A worm (D:2)
  2 giant geckos (D:2)
  5 orcs
  4 giant cockroaches
  7 hobgoblins
  7 jackals
  6 kobolds
  A quokka (D:4)
  3 ball pythons
  7 bats
  4 giant newts
  12 goblins
  A quokka skeleton (D:4)
  3 rats
76 creatures vanquished.

Notes
Turn   | Place    | Note
--------------------------------------------------------------
     0 | D:1      | septik the Deep Elf Fire Elementalist began the quest for the Orb.
     0 | D:1      | Reached XP level 1. HP: 10/10 MP: 6/6
   468 | D:1      | Reached XP level 2. HP: 15/15 MP: 6/8
  1042 | D:2      | Reached XP level 3. HP: 19/19 MP: 7/10
  1166 | D:1      | Learned a level 3 spell: Conjure Flame
  1460 | D:2      | Found a bloodstained altar of Trog.
  1474 | D:2      | Reached skill level 4 in Spellcasting
  2142 | D:2      | Reached XP level 4. HP: 24/24 MP: 7/12
  2624 | D:3      | Found a glowing golden altar of the Shining One.
  2828 | D:4      | Found Qiasuuk's Book Emporium.
  3012 | D:4      | Reached XP level 5. HP: 18/28 MP: 14/14
  3183 | D:4      | Reached skill level 5 in Spellcasting
  3236 | D:4      | Found a white marble altar of Elyvilon.
  3378 | D:4      | Noticed an ogre
  3389 | D:4      | Killed an ogre
  3389 | D:4      | Reached XP level 6. HP: 27/32 MP: 14/16
  3584 | D:5      | Entered Level 5 of the Dungeon
  3600 | D:5      | Reached skill level 5 in Fire Magic
  3643 | D:4      | Slain by a quasit

Action                   |  1- 3 |  4- 6 || total
-------------------------+-------+-------++-------
Melee: Club              |    27 |       ||    27
       Trident           |       |    20 ||    20
Throw: Stone             |       |     3 ||     3
 Cast: Flame Tongue      |    76 |    62 ||   138
       Conjure Flame     |     4 |     5 ||     9
  Use: Scroll            |       |     5 ||     5
 Stab: Sleeping          |       |     1 ||     1
  Eat: Chunk             |     4 |     5 ||     9
